 Dungeon Sprint DCSS version 0.31-a0-920-g28cbb04a8c (webtiles) character file.

Game seed: 13375918018126986710

14884 fingers the Executioner (level 12, -5/118 HPs)
             Began as a Hill Orc Fighter on Oct 17, 2023.
             Was the Champion of Qazlal.
             Slain by a nargun (46 damage)
             ... in the Dungeon (Sprint V: "Ziggurat Sprint").
             The game lasted 00:03:39 (1003 turns).

fingers the Executioner (Hill Orc Fighter)          Turns: 1003, Time: 00:03:40

Health: -5/118     AC: 30    Str: 36    XL:     12   Next: 21%
Magic:  8/17       EV:  4    Int:  8    God:    Qazlal [******]
Gold:   0          SH: 40    Dex: 10    Spells: 11/11 levels left

rFire   . . .        B - +5 broad axe
rCold   + . .        D - +18 shield of the Gong {Loud rN+ Will+ rCorr EV-5}
rNeg    + . .        C - +15 Maxwell's patent armour {-Cast -Tele rElec Will+ rCorr}
rPois   .            (no helmet)
rElec   +            (no cloak)
rCorr   +            (no gloves)
SInv    .            (no boots)
Will    ++...        (no amulet)
Stlth   x              - +6 ring of strength
HPRegen 0.39/turn    y - +6 ring of strength
MPRegen 0.15/turn

%: no teleportation, no spellcasting, repel missiles
@: protected from cold, hasted, very quick
A: no striking features
a: Renounce Religion, Upheaval, Elemental Force, Disaster Area


You were in the Dungeon.
You worshipped Qazlal.
Qazlal was exalted by your worship.
You visited 1 branch

Inventory:

Hand Weapons
 a - a +0 war axe
 B - a +5 broad axe (weapon)
 F - the +6 arbalest "Damnation" {damnation}
   (You found it in the Dungeon)
Armour
 b - a +0 scale mail
 c - a +0 buckler
 C - the +15 Maxwell's patent armour (worn) {-Cast -Tele rElec Will+ rCorr}
   (You found it in the Dungeon)

   rElec:     It insulates you from electricity.
   Will+:     It increases your willpower.
   -Cast:     It prevents spellcasting.
   -Tele:     It prevents most forms of teleportation.
   rCorr:     It protects you from acid and corrosion.
 D - the +18 shield of the Gong (worn) {Loud rN+ Will+ rCorr EV-5}
   (You found it in the Dungeon)

   Loud:      It is deafeningly noisy when blocking attacks.
   EV-5:      It affects your evasion (-5).
   rN+:       It protects you from negative energy.
   Will+:     It increases your willpower.
   rCorr:     It protects you from acid and corrosion.
Jewellery
 s - a ring of flight
 t - a +6 ring of dexterity
 u - a +6 ring of dexterity
 v - a +6 ring of intelligence
 w - a +6 ring of intelligence
 x - a +6 ring of strength (left hand)
 y - a +6 ring of strength (right hand)
 G - an amulet of regeneration
 I - a ring of wizardry
 J - the ring "Efymig" {Contam Will++ Str+3 Int+6}
   (You found it in the Dungeon)

   [ring of intelligence]

   Str+3:     It affects your strength (+3).
   Int+6:     It affects your intelligence (+6).
   Will++:    It greatly increases your willpower.
   Contam:    It causes magical contamination when unequipped.
 K - an amulet of magic regeneration
 L - a ring of poison resistance
 M - a ring of magical power
Wands
 n - a wand of roots (19)
 z - a wand of mindburst (14)
 A - a wand of acid (9)
 E - a wand of paralysis (14)
 H - a wand of digging (8)
Scrolls
 j - 4 scrolls of blinking
 o - 4 scrolls of amnesia
 p - 7 scrolls of fog
 q - 5 scrolls of identify
 r - 2 scrolls of fear
Potions
 d - 6 potions of might
 e - 9 potions of curing
 f - 5 potions of heal wounds
 g - 5 potions of haste
 h - 7 potions of magic
 i - a potion of berserk rage
 k - 2 potions of brilliance
 l - a potion of invisibility
 m - 3 potions of resistance


   Skills:
 + Level 14.9 Fighting
 + Level 21.3 Axes
 + Level 12.2 Armour
 + Level 2.2 Dodging
 + Level 2.6 Stealth
 + Level 20.5 Shields
 + Level 7.1 Invocations


You had 11 spell levels left.
You didn't know any spells.
Your spell library contained the following spells:

 Spells                   Type           Power      Damage    Failure   Level
 Apportation              Tloc           0%         N/A       94%         1
 Necrotise                Necr           0%         1d4       94%         1
 Sandblast                Erth           0%         2d4       94%         1
 Shock                    Conj/Air       0%         1d3       94%         1
 Summon Small Mammal      Summ           0%         N/A       94%         1
 Jinxbite                 Hex            0%         N/A       98%         2
 Static Discharge         Conj/Air       0%         2-2/arc   98%         2
 Ignite Poison            Fire/Tmut/Pois 0%         N/A       100%        3
 Airstrike                Air            0%         2d(0-16)  100%        4
 Leda's Liquefaction      Hex/Erth       0%         N/A       100%        4
 Manifold Assault         Tloc           0%         N/A       100%        4
 Sticky Flame             Conj/Fire      0%         2d3       100%        4
 Summon Lightning Spire   Summ/Air       0%         N/A       100%        4
 Alistair's Intoxication  Tmut/Pois      0%         N/A       100%        5
 Summon Forest            Summ/Tloc      0%         N/A       100%        5
 Summon Mana Viper        Hex/Summ       0%         N/A       100%        5
 Yara's Violent Unravell  Hex/Tmut       0%         3d3       100%        5
 Conjure Ball Lightning   Conj/Air       0%         3x3d6     100%        6
 Summon Cactus Giant      Summ           0%         N/A       100%        6
 Ignition                 Fire           0%         3d3       100%        8
 Lehudib's Crystal Spear  Conj/Erth      0%         10d2      100%        8
 Maxwell's Capacitive Co  Air            0%         ∞         100%        8


Dungeon Overview and Level Annotations

Branches:
Dungeon (1/1)

Altars:
Ashenzari
Cheibriados
Dithmenos
Elyvilon
Fedhas
Gozag
Hepliaklqana
Kikubaaqudgha
Makhleb
Nemelex Xobeh
Okawaru
Qazlal
Ru
Sif Muna
Trog
Uskayaw
Vehumet
Wu Jian
Xom
Yredelemnul
Zin
The Shining One
Beogh
Jiyva
Lugonu

Annotations:
D 1 transporter


Message History

The giant cockroach simulacrum vaporises!
Qazlal accepts your kill. The wendigo claws you! The wendigo freezes you!!
You block the wendigo's attack.
BONNNG!
The wendigo claws you but does no damage.
You block the wendigo's attack.
GONNNNG!
You easily resist.
You miss the wendigo.
The wendigo is lightly wounded.
You barely miss the nargun. You slash the wendigo! You slice the wendigo!!
The wendigo is moderately wounded.
You hit the wendigo but do no damage. You hit the nargun but do no damage.
You block the wendigo's attack.
PANG!
You block the wendigo's attack.
GONNNNG!
You block the nargun's attack.
SHROANNG!
The nargun bites you but does no damage.
You block the wendigo's attack.
PANG!
The wendigo bites you.
The wendigo draws strength from your injuries!
You slice the wendigo!!
The wendigo is heavily wounded.
You slash the nargun! You hit the wendigo. You hit the wendigo.
The wendigo is severely wounded.
You miss the wendigo. You hit the nargun.
The wendigo fires a burst of electricity at you.
The stunning burst is repelled.
You block the wendigo's attack.
GONNNNG!
You block the wendigo's attack.
BOUMMMMG!
The nargun hits you!! The nargun bites you! The nargun freezes you!!!
You feel protected from cold.
You die...

▓....©....
▓▓▓▓▓▓▓▓▓▓▓▓▓▓▓▓▓▓▓▓▓▓
▓...8©8...▓...8©8...▓.
▓..|[[))!.▓..|..)[..▓.
▓..:=/)=..▓..)|.....▓.
▓.........▓.........▓.
▓...°.§...▓.........▓.
▓..○9RR...▓.........▓.
▓....@○°..▓....)....▓.
▓..▓.E.▓..▓...)))...▓.
▓.▓..§.○▓.▓.▓.))).▓.▓.
▓....©....▓....©....▓▓
▓▓▓▓▓▓▓▓▓▓▓▓▓▓▓▓▓▓▓▓▓


You could see 2 wendigos, a nargun and a friendly earth elemental (summoned).

Vanquished Creatures
  2 black draconians (D)
  2 green draconians (D)
  A yellow draconian (D)
  2 red draconians (D)
  3 purple draconians (D)
  2 white draconians (D)
  6 draconians (D)
  A cyclops (D)
  A cane toad (D)
  A rust devil (D)
  An orange demon (D)
  2 komodo dragons (D)
  An ancient zyme (D)
  4 merfolk (D)
  A large abomination (D)
  A water moccasin (D)
  2 floating eyes (D)
  3 wolves (D)
  A centaur (D)
  A crimson imp (D)
  4 quasits (D)
  An orc priest (D)
  3 jellies (D)
  4 iguanas (D)
  An orc wizard (D)
  2 small abominations (D)
  3 river rats (D)
  3 adders (D)
  A white imp (D)
  An ufetubus (D)
  An adder simulacrum (D)
  A ball python (D)
  A giant cockroach simulacrum (D)
64 creatures vanquished.

Vanquished Creatures (collateral kills)
  2 jellies (D)
  An adder simulacrum (D)
  2 quokka simulacra (D)
5 creatures vanquished.

Vanquished Creatures (others)
  An adder simulacrum (D)
  2 bat simulacra (D)
3 creatures vanquished.

Grand Total: 72 creatures vanquished

Notes
Turn   | Place    | Note
-------+----------+-------------------------------------------
     0 | D        | fingers the Hill Orc Fighter began the quest for the Orb.
     0 | D        | Reached XP level 1. HP: 19/19 MP: 1/1
     0 | D        | Found a shimmering blue altar of Sif Muna.
     0 | D        | Found a bloodstained altar of Trog.
     0 | D        | Found a sacrificial altar of Ru.
     0 | D        | Found a stormy altar of Qazlal.
     0 | D        | Found an iron altar of Okawaru.
     1 | D        | Found a sparkling altar of Nemelex Xobeh.
     1 | D        | Found a blossoming altar of Fedhas.
     1 | D        | Found the +6 Majin-Bo {spellvamp, MP+6 Int+6}
     1 | D        | Found the +27 heavy crossbow "Sniper" {heavy, Acc+∞ SInv}
     1 | D        | Found the +10 dark maul {heavy}
     1 | D        | Found the +15 Maxwell's patent armour {-Cast -Tele rElec
                  | Will+ rCorr}
     1 | D        | Found the +18 shield of the Gong {Loud rN+ Will+ rCorr
                  | EV-5}
     1 | D        | Found the +16 obsidian axe {drain, demonic, Mesm Drain Fly
                  | SInv}
     1 | D        | Found the +7 great mace "Firestarter" {flame, immolate,
                  | rFlCloud rF++}
     1 | D        | Found the +6 shillelagh "Devastator" {shatter}
     1 | D        | Found the +11 plutonium sword {Contam Stlth-}
     1 | D        | Found the +8 lance "Wyrmbane" {slay drac, rPois rF+ rC+
                  | AC+3}
     1 | D        | Found the +9 sword of Zonguldrok {reap}
     1 | D        | Found the +13 scythe of Curses {drain, curses, Drain}
     1 | D        | Found the +9 sword of Power {lifebolt}
     1 | D        | Found the +7 mace of Variability {chaos, chaos arc}
     1 | D        | Found the +11 Singing Sword {sonic wave}
     1 | D        | Found the +8 storm bow {elec, penet}
     3 | D        | Found a transporter.
     3 | D        | Found an ancient bone altar of Kikubaaqudgha.
     3 | D        | Found a viscous altar of Jiyva.
     3 | D        | Found a corrupted altar of Lugonu.
     3 | D        | Found a hazy altar of Hepliaklqana.
     3 | D        | Found a burning altar of Makhleb.
     3 | D        | Found an opulent altar of Gozag.
    84 | D        | Became a worshipper of Qazlal Stormbringer
    90 | D        | Reached skill level 5 in Fighting
    90 | D        | Reached skill level 5 in Axes
    90 | D        | Reached skill level 5 in Armour
    90 | D        | Reached skill level 5 in Shields
    90 | D        | Reached XP level 2. HP: 30/30 MP: 2/2
    98 | D        | Entered arena 2.
    98 | D        | Found a transporter.
   109 | D        | Reached XP level 3. HP: 37/37 MP: 3/3
   110 | D        | Reached skill level 6 in Axes
   110 | D        | Reached XP level 4. HP: 45/45 MP: 4/4
   113 | D        | Got the Compilation of Translocated Ouranomancy
   121 | D        | Entered arena 3.
   121 | D        | Noticed an orange demon
   121 | D        | Found a transporter.
   125 | D        | Reached * piety under Qazlal
   138 | D        | Killed an orange demon
   139 | D        | Reached skill level 8 in Axes
   139 | D        | Reached skill level 10 in Shields
   139 | D        | Reached XP level 5. HP: 27/56 MP: 5/5
   139 | D        | Reached XP level 6. HP: 30/62 MP: 6/6
   142 | D        | Reached skill level 9 in Axes
   273 | D        | Entered arena 4.
   273 | D        | Noticed a rust devil
   273 | D        | Found a transporter.
   276 | D        | Reached ** piety under Qazlal
   279 | D        | Killed a rust devil
   280 | D        | Reached skill level 10 in Axes
   280 | D        | Reached XP level 7. HP: 70/70 MP: 7/7
   281 | D        | Reached *** piety under Qazlal
   322 | D        | Entered arena 5.
   322 | D        | Found a transporter.
   343 | D        | Entered arena 6.
   343 | D        | Found the +6 arbalest "Damnation" {damnation}
   343 | D        | Found a transporter.
   345 | D        | Reached **** piety under Qazlal
   347 | D        | Reached XP level 8. HP: 73/78 MP: 8/8
   350 | D        | Reached ***** piety under Qazlal
   351 | D        | Reached skill level 11 in Axes
   363 | D        | Entered arena 7.
   363 | D        | Noticed a merfolk
   363 | D        | Noticed a merfolk
   363 | D        | Noticed a merfolk
   363 | D        | Noticed a cyclops
   363 | D        | Noticed a merfolk
   364 | D        | Found a transporter.
   371 | D        | Killed a merfolk
   374 | D        | Killed a merfolk
   374 | D        | Killed a merfolk
   375 | D        | Reached skill level 10 in Fighting
   375 | D        | Reached skill level 13 in Axes
   376 | D        | Killed a cyclops
   377 | D        | Reached skill level 14 in Axes
   377 | D        | Reached XP level 9. HP: 65/86 MP: 9/9
   377 | D        | Killed a merfolk
   440 | D        | Got Kier's Verses on Earthen Shaping
   442 | D        | Got the Exposition on United Traumaturgy
   447 | D        | Entered arena 8.
   447 | D        | Noticed an ancient zyme
   448 | D        | Found a transporter.
   452 | D        | Reached ****** piety under Qazlal
   453 | D        | Reached skill level 15 in Axes
   455 | D        | Reached skill level 10 in Armour
   456 | D        | Reached skill level 15 in Shields
   458 | D        | Killed an ancient zyme
   532 | D        | Got the ring "Efymig" {Contam Will++ Str+3 Int+6}
   540 | D        | Entered arena 9.
   541 | D        | Found a transporter.
   542 | D        | Paralysed by a floating eye for 3 turns
   545 | D        | Reached skill level 1 in Invocations
   547 | D        | Reached skill level 16 in Axes
   599 | D        | Entered arena 10.
   599 | D        | Noticed a draconian
   599 | D        | Noticed a draconian
   599 | D        | Noticed a red draconian
   599 | D        | Noticed a red draconian
   599 | D        | Noticed a draconian
   599 | D        | Noticed a draconian
   599 | D        | Noticed a draconian
   599 | D        | Noticed a draconian
   600 | D        | Found a transporter.
   615 | D        | Killed a draconian
   616 | D        | Reached XP level 10. HP: 95/95 MP: 11/11
   616 | D        | Killed a red draconian
   617 | D        | Reached skill level 17 in Axes
   622 | D        | Killed a red draconian
   622 | D        | Killed a draconian
   622 | D        | Killed a draconian
   623 | D        | Reached skill level 18 in Axes
   624 | D        | Killed a draconian
   625 | D        | Killed a draconian
   626 | D        | Reached skill level 19 in Axes
   633 | D        | Killed a draconian
   634 | D        | Reached XP level 11. HP: 81/104 MP: 13/13
   696 | D        | Entered arena 11.
   697 | D        | Found a transporter.
   712 | D        | Reached skill level 20 in Axes
   712 | D        | Reached skill level 1 in Dodging
   781 | D        | Entered arena 12.
   781 | D        | Noticed a black draconian
   781 | D        | Noticed a purple draconian
   781 | D        | Noticed a black draconian
   781 | D        | Noticed a white draconian
   781 | D        | Noticed a purple draconian
   781 | D        | Noticed a white draconian
   782 | D        | Noticed a yellow draconian
   782 | D        | Noticed a green draconian
   782 | D        | Noticed a purple draconian
   782 | D        | Noticed a green draconian
   796 | D        | Killed a yellow draconian
   797 | D        | Reached skill level 5 in Invocations
   798 | D        | Killed a white draconian
   800 | D        | Killed a purple draconian
   802 | D        | Found a transporter.
   804 | D        | Killed a purple draconian
   805 | D        | Reached skill level 1 in Stealth
   808 | D        | Killed a green draconian
   809 | D        | Killed a purple draconian
   810 | D        | Killed a green draconian
   811 | D        | Reached skill level 21 in Axes
   812 | D        | Killed a white draconian
   813 | D        | Reached XP level 12. HP: 77/118 MP: 9/17
   817 | D        | Killed a black draconian
   824 | D        | Killed a black draconian
   988 | D        | Entered arena 13.
   988 | D        | Noticed a wendigo
   989 | D        | Noticed a wendigo
   989 | D        | Noticed a nargun
   995 | D        | Found the +7 hand cannon "Mule" {flame, backblast, rF+}
   996 | D        | Found a transporter.
  1003 | D        | Slain by a nargun

Illustrated notes

Levels and vault maps discovered:
D:        sprint_v [room_start, room_1, room_2, room_3, room_4, room_5, room_6,
          room_7, room_8, room_9, room_10, room_11, room_12, room_13, room_14,
          room_15, room_16, room_17, room_18, room_19, room_20, room_21,
          room_22, room_23, room_24, room_25, room_26, room_27]

Skill      XL: |  1  2  3  4  5  6  7  8  9 10 11 12 |
---------------+-------------------------------------+-----
Fighting       | 5 6 8 9 10 11 12 14 | 14.9
Axes           | 5 6 8 10 14 16 19 21 | 21.3
Armour         | 5 6 8 9 10 11 12 | 12.2
Shields        | 5 6 10 12 14 15 17 20 | 20.5
Invocations    | 1 3 6 7 |  7.1
Dodging        | 2 |  2.2
Stealth        | 2 |  2.6

Action                     |  1- 3 |  4- 6 |  7- 9 | 10-12 || total
---------------------------+-------+-------+-------+-------++-------
  Melee: War axe           |     9 |       |       |       ||     9
         Broad axe         |       |    16 |    41 |    62 ||   119
 Invoke: Elemental Force   |       |       |     1 |     2 ||     3
         Disaster Area     |       |       |       |     2 ||     2
  Evoke: Wand              |       |       |       |     2 ||     2
    Use: Potion            |     2 |     2 |     1 |    11 ||    16
   Stab: Invisible         |       |       |       |     2 ||     2
 Armour: Plate armour      |     8 |    60 |    29 |    66 ||   163
  Dodge: Dodged            |       |     6 |     8 |     4 ||    18
         Repelled          |       |       |       |     1 ||     1
  Block: Kite shield       |    12 |    71 |   108 |   127 ||   318

Table legend: (Time is in decaauts)
 A = Elapsed time spent in this place.
 B = Non-inter-level travel time spent in this place.
 C = Inter-level travel time spent in this place.
 D = Time resting spent in this place.
 E = Time spent auto-exploring this place.
 F = Levels seen in this place.
 G = Mean time per level.
                   A        B        C        D        E       F      G
               +--------+--------+--------+--------+--------+-----+--------+
         Total |   1006 |    999 |      7 |      0 |    589 |   1 | 1006.0 |
       Dungeon |   1006 |    999 |      7 |      0 |    589 |   1 | 1006.0 |
               +--------+--------+--------+--------+--------+-----+--------+

Top non-repeatable levels by time:
       D: 1006 daAuts
